 Dungeon Crawl Stone Soup version 0.28.0 (webtiles) character file.

Game seed: 14687369252438920042

1758 Illumine the Cleaver (level 8, -12/76 HPs)
             Began as a Deep Dwarf Abyssal Knight on Feb 15, 2022.
             Was an Elder of Lugonu.
             Mangled by an ogre (20 damage)
             ... on level 7 of the Dungeon.
             The game lasted 00:13:41 (5200 turns).

Illumine the Cleaver (Deep Dwarf Abyssal Knight)    Turns: 5200, Time: 00:13:42

Health: -12/76     AC:  9    Str: 19    XL:     8   Next: 79%
Magic:  10/10      EV:  8    Int: 11    God:    Lugonu [****..]
Gold:   401        SH:  0    Dex: 13    Spells: 7/7 levels left

rFire   . . .      SeeInvis .   w - +1 war axe
rCold   . . .      Faith    .   (no shield)
rNeg    . . .      Spirit   .   j - +0 chain mail
rPois   .          Reflect  .   (no helmet)
rElec   .          Harm     .   (no cloak)
rCorr   .          Rampage  .   (no gloves)
Will    +....                   (no boots)
Stlth   ..........              (no amulet)
HPRegen 0.00/turn               (no ring)
MPRegen 0.12/turn               (no ring)

@: no status effects
A: damage resistance, heal wounds, sense surroundings 1, no regeneration
a: Heal Wounds, Renounce Religion, Depart the Abyss, Bend Space, Banish, Corrupt


You were on level 7 of the Dungeon.
You worshipped Lugonu.
Lugonu was greatly pleased with you.
You visited 1 branch of the dungeon, and saw 7 of its levels.
You visited the Abyss 1 time.

You collected 401 gold pieces.

Inventory:

Hand Weapons
 d - a +0 arbalest
 v - a +0 hunting sling
 w - a +1 war axe (weapon)
 y - a +0 morningstar
Missiles
 z - 3 curare-tipped darts
 A - 3 poisoned darts (quivered)
Armour
 e - a +2 robe of the Archmagi
 j - a +0 chain mail (worn)
Jewellery
 x - an amulet of magic regeneration
Wands
 k - a wand of digging (6)
 n - a wand of flame (23)
 r - a wand of paralysis (7)
 t - a wand of iceblast (12)
 B - a wand of mindburst (8)
Scrolls
 c - 4 scrolls of identify
 h - 3 scrolls of magic mapping
 l - a scroll of enchant armour {unknown}
 o - 2 scrolls of amnesia {unknown}
 p - 3 scrolls of teleportation {unknown}
 q - a scroll of acquirement {unknown}
 s - a scroll of brand weapon
 u - a scroll of noise {unknown}
Potions
 a - a potion of mutation {unknown}
 b - 2 potions of berserk rage {unknown}
 f - 3 potions of flight
 g - a potion of haste {unknown}
 i - 6 potions of curing
 m - a potion of magic {unknown}
 C - a potion of resistance {unknown}


   Skills:
 + Level 6.2 Fighting
 + Level 8.0 Axes
 + Level 4.7 Armour
 + Level 1.1 Dodging
 - Level 7.0 Invocations


You had 7 spell levels left.
You didn't know any spells.
Your spell library contained the following spells:

 Spells                   Type           Power      Damage    Failure   Level
 Scorch                   Fire           0%         2d5       99%         2
 Flame Wave               Conj/Fire      0%         2d4       100%        4
 Summon Cactus Giant      Summ           0%         N/A       100%        6


Dungeon Overview and Level Annotations

Branches:
Dungeon (7/15)             Temple (0/1) D:6

Altars:
Fedhas
Nemelex Xobeh
Qazlal
Ru
Trog

Shops:
D:3 =

Annotations:
D:3 Sigmund
Abyss:1 Grinder


Innate Abilities, Weirdness & Mutations

You are resistant to damage.
You can heal yourself by infusing magical energy.
You passively map a small area around you.
You do not regenerate.


Message History

The centaur is severely wounded.
The centaur hits you but does no damage.
The centaur kicks you but does no damage.
The centaur barely misses you. x2
You slash the centaur!
You kill the centaur!
Lugonu accepts your kill.
Your Axes skill increases to level 8!
Your Invocations skill increases to level 7!
Things that are here:
a +0 shortbow; 26 arrows; a centaur corpse
Okay, then.
You now have 401 gold pieces (gained 13).
Found a runed hunting sling.
An ogre comes into view. It is wielding a +0 giant club.
The ogre shouts!
Found an encrusted bone wand.
Found a stone staircase leading down.
Throw: 5 darts (poison)
Press: ? - help, Q - select action, (/) - cycle Shift-Dir - straight line, f - ogre
Aim: an ogre, wielding a +0 giant club (75% to hit)
You throw a poisoned dart.
The poisoned dart barely misses the ogre.
Unknown command.
Throw: 4 darts (poison)
Press: ? - help, Q - select action, (/) - cycle Shift-Dir - straight line, f/p - ogre
Aim: an ogre, wielding a +0 giant club (75% to hit)
You throw a poisoned dart. The poisoned dart hits the ogre.
The ogre is poisoned.
Unknown command.
You slash the ogre!
The ogre is severely wounded.
The ogre hits you with a +0 giant club!!
* * * LOW HITPOINT WARNING * * *
You feel much better.
The ogre hits you with a +0 giant club!!
* * * LOW HITPOINT WARNING * * *
You fail to use your ability.
The ogre hits you with a +0 giant club!!
You die...

* ## #.# *.. >., ,
.... * , *.#.# *
*...# *..# * *
###..###.# ,
#.@......#
####O##.##.## ,
#......)..... ,
#####.##(##.##.#/
, ####...#.##.##.#
# #...............
, , #
#.##...#.##.##.#**
#.. #
#.######.##.# ,
.., # #.# #...(. ,
.. *,,


You could see an ogre (poisoned).

Vanquished Creatures
  3 sky beasts
  2 black bears
  A necrophage (D:6)
  A centaur (D:7)
  An ogre (D:5)
  A phantom (D:6)
  A scorpion (D:3)
  2 bullfrog zombies
  A centaur zombie (D:5)
  A hound (D:7)
  2 orc priests (D:4)
  A bullfrog skeleton (D:5)
  A jelly (D:6)
  Ijyb (D:3)
  Natasha (D:3)
  3 iguanas
  2 orc wizards
  A killer bee zombie (D:7)
  A howler monkey zombie (D:5)
  A howler monkey skeleton (D:4)
  11 adders
  2 white imps (D:7)
  A worm (D:4)
  2 dart slugs (D:1)
  16 orcs
  6 ball pythons
  11 bats
  13 endoplasms
  5 giant cockroaches
  5 goblins
  3 hobgoblins
  8 jackals (D:1)
  6 quokkas
  4 frilled lizards
  6 kobolds
  10 rats
137 creatures vanquished.

Vanquished Creatures (others)
  A sky beast (D:7)
  An orc wizard (D:4)
2 creatures vanquished.

Grand Total: 139 creatures vanquished

Notes
Turn   | Place    | Note
-------+----------+-------------------------------------------
     0 | Abyss:1  | Illumine the Deep Dwarf Abyssal Knight began the quest for
                  | the Orb.
     0 | Abyss:1  | Reached XP level 1. HP: 20/20 MP: 2/2
     4 | D:1      | Escaped the Abyss
   141 | D:1      | Found a faded altar of an unknown god.
   182 | D:1      | Reached XP level 2. HP: 22/27 MP: 3/3
   307 | D:1      | Reached skill level 3 in Axes
   418 | D:1      | Reached ** piety under Lugonu
   447 | D:1      | Reached XP level 3. HP: 19/34 MP: 4/4
   774 | D:2      | Found a bloodstained altar of Trog.
   954 | D:2      | Reached XP level 4. HP: 40/42 MP: 4/4
  1005 | D:2      | Reached skill level 4 in Axes
  1556 | D:3      | Noticed Sigmund
  1615 | D:3      | Reached *** piety under Lugonu
  1626 | D:3      | Noticed Ijyb
  1679 | D:3      | Reached XP level 5. HP: 18/49 MP: 5/5
  1680 | D:3      | Killed Ijyb
  1706 | D:4      | Reached skill level 5 in Axes
  1904 | D:4      | Noticed a black bear
  2027 | D:3      | Found Zuica's Jewellery Emporium.
  2038 | D:3      | Reached XP level 6. HP: 44/57 MP: 5/5
  2205 | D:3      | Noticed Natasha
  2211 | D:3      | Killed Natasha
  2339 | D:3      | Found a blossoming altar of Fedhas.
  2341 | D:3      | Found a sacrificial altar of Ru.
  2483 | D:5      | Entered Level 5 of the Dungeon
  2560 | D:5      | Reached skill level 6 in Axes
  2989 | D:5      | Reached XP level 7. HP: 57/66 MP: 7/7
  3327 | D:6      | Reached skill level 5 in Fighting
  3395 | D:6      | Reached skill level 5 in Invocations
  3496 | D:6      | Reached **** piety under Lugonu
  3497 | D:6      | Reached skill level 7 in Axes
  3531 | D:5      | Reached XP level 8. HP: 59/75 MP: 9/9
  3661 | D:6      | Found a staircase to the Ecumenical Temple.
  3661 | D:6      | Noticed Grinder
  3662 | D:6      | Banished Grinder
  4470 | D:4      | Noticed an air elemental
  4471 | D:4      | Found a stormy altar of Qazlal.
  4717 | D:3      | Found a sparkling altar of Nemelex Xobeh.
  5142 | D:7      | Reached skill level 8 in Axes
  5200 | D:7      | Mangled by an ogre

Illustrated notes

Levels and vault maps discovered:
D:1:      dpeg_arrival_houses_and_road, layout_basic,
          chequers_ecumenical_altar_simple_redux
D:2:      layout_loops_ring, basic_altar
D:3:      layout_loops_ring, nemelex_xobeh_ov_fountains_minmay,
          chequers_temple_overflow_statue_of_worship, serial_shops,
          nicolae_shop_trees, bh_walls_and_bars, uniq_natasha, uniq_ijyb,
          uniq_sigmund
D:4:      layout_basic, nicolae_qazlal_style_of_elements
D:5:      layout_loops_ring, minmay_stone_trees_medium
D:6:      layout_loops_cross, minmay_temple_entry_ruins, uniq_grinder
D:7:      layout_loops_cross

Skill      XL: |  1  2  3  4  5  6  7  8 |
---------------+-------------------------+-----
Axes           | 3 4 5 6 7 8 |  8.0
Fighting       | 3 4 5 6 |  6.2
Armour         | 3 4 |  4.7
Invocations    | 3 5 7 |  7.0
Dodging        | |  1.1

Action                   |  1- 3 |  4- 6 |  7- 9 || total
-------------------------+-------+-------+-------++-------
Melee: Hand axe          |   125 |   254 |    15 ||   394
       Punch             |       |     6 |     1 ||     7
       War axe           |       |       |   176 ||   176
Throw: Dart              |       |       |     7 ||     7
Invok: Banish            |       |       |     1 ||     1
 Abil: Heal Wounds       |     1 |     9 |     6 ||    16
Evoke: Wand              |       |     1 |       ||     1
  Use: Scroll            |       |     6 |     1 ||     7
 Stab: Paralysed         |       |     4 |       ||     4
Armor: Scale mail        |    52 |     9 |       ||    61
       Leather armour    |     2 |       |       ||     2
       Chain mail        |       |   164 |   140 ||   304
Dodge: Dodged            |    61 |    93 |    76 ||   230
